 Dungeon Crawl Stone Soup version 0.19.1-1-g22dce08 (webtiles) character file.

1909 Oxelix the Basher (level 9, -3/106 HPs)
             Began as a Hill Orc Monk on Dec 30, 2016.
             Was a Believer of Beogh.
             Slain by a big kobold (5 damage)
             ... in a sewer.
             The game lasted 00:27:55 (5899 turns).

Oxelix the Basher (Hill Orc Monk)                   Turns: 5899, Time: 00:27:55

Health: -3/106     AC: 13    Str: 22    XL:     9   Next: 16%
Magic:  9/9        EV:  7    Int: 10    God:    Beogh [**....]
Gold:   212        SH:  0    Dex: 15    Spells: 0 memorised, 8 levels left

rFire  . . .     SeeInvis .     p - +1 morningstar
rCold  . . .     Gourm    .     u - +1 plate armour
rNeg   . . .     Faith    .     (no shield)
rPois  .         Spirit   .     (no helmet)
rElec  .         Reflect  .     t - +0 cloak
rCorr  .         Harm     .     (no gloves)
MR     .....                    d - +0 pair of boots
Stlth  ..........               a - amulet of rage
                                r - ring of stealth
                                h - ring of flight

@: berserking, lethally poisoned (-3 -> -8), slowed
A: thin skeletal structure 1
a: Smiting, Renounce Religion, Evoke Berserk Rage, Evoke Flight


You were in a sewer.
You worshipped Beogh.
Beogh was pleased with you.
You were not hungry.

You visited 1 branch of the dungeon, and saw 5 of its levels.
You also visited: Sewer.

You collected 212 gold pieces.

Inventory:

Hand Weapons
 p - a +1 morningstar (weapon)
Armour
 b - a +0 robe
 d - a +0 pair of boots (worn)
 e - a +0 ring mail
 n - a +0 ring mail
 t - a +0 cloak (worn)
 u - a +1 plate armour (worn)
Jewellery
 a - an amulet of rage (around neck)
 h - a ring of flight (left hand)
 r - a ring of stealth (right hand)
Wands
 k - a wand of polymorph (20/24)
 m - a wand of acid (3/15)
 v - a wand of flame (28/48)
Scrolls
 i - 6 scrolls of identify
 l - a scroll of teleportation
 q - a scroll of remove curse
Potions
 f - a potion of brilliance
Comestibles
 c - 3 bread rations
 j - a meat ration
 o - 2 chunks of flesh
 s - 3 royal jellies


   Skills:
 - Level 3.7 Fighting
 + Level 12.7 Maces & Flails
 - Level 2.4 Dodging
 - Level 1.5 Stealth


You had 8 spell levels left.
You didn't know any spells.

Dungeon Overview and Level Annotations

Branches:
Dungeon (5/15)
 Temple: D:4-7

Altars:
Cheibriados
Gozag

Shops:
D:5 *


Innate Abilities, Weirdness & Mutations

You have a somewhat thin skeletal structure. (Dex +2, Stealth)


Message History

You feel sick.
The big kobold hits you but does no damage.
The kobold hits you but does no damage.
Your unstable footing causes you to fumble your attack.
* * * LOW HITPOINT WARNING * * *
You feel sick. The big kobold barely misses you.
The kobold hits you but does no damage.
You hit the big kobold but do no damage.
The big kobold is severely wounded.
* * * LOW HITPOINT WARNING * * *
You feel sick.
The big kobold hits you but does no damage.
The kobold hits you but does no damage.
There are no objects that can be picked up here. a jackal corpse A red film seems to cover your vision as you go berserk!
You feel yourself moving faster!
You feel mighty!
You feel a lot more hungry.
* * * LOW HITPOINT WARNING * * *
You feel sick. The big kobold hits you.
You die...

############ #∩#
#..≈≈......###.###
#.≈≈≈≈≈.≈≈.......######
K#.≈≈≈≈≈K≈K≈≈≈≈≈≈≈≈≈≈≈≈###
K..≈≈≈≈≈≈≈≈≈≈≈≈≈≈≈≈≈≈≈≈≈≈≈
#.≈≈≈≈≈≈≈≈≈≈≈≈≈≈≈≈≈≈≈≈≈#
#.≈≈≈≈≈≈.≈≈≈.....#######
#.≈≈≈.≈(KK.#######
#########@## #(# #≈# #≈#
#≈# #≈# #≈# #≈# #≈#


You could see a big kobold and 3 kobolds.

Vanquished Creatures
  The ghost of Spawnferkel the Cruncher, a novice MiGl (D:5)
  Sigmund (D:4)
  Eustachio (D:4)
  An orc warrior (D:4)
  A black bear (D:5)
  An ogre (D:5)
  A centaur (D:5)
  2 bullfrogs
  Blork the orc (D:4)
  A scorpion (D:4)
  A crimson imp (D:5)
  An orc priest (D:3)
  A centaur skeleton (D:4)
  A bullfrog skeleton (D:4)
  2 hounds
  3 orc wizards
  7 worker ants
  A killer bee zombie (D:5)
  3 gnolls (D:4)
  10 adders
  A river rat (Sewer)
  An ooze (D:1)
  4 worms
  3 dart slugs (D:1)
  A leopard gecko (D:4)
  18 orcs
  A ball python (D:1)
  15 bats
  5 giant cockroaches
  8 goblins
  8 hobgoblins
  6 jackals
  3 quokkas
  4 frilled lizards
  6 kobolds
  A quokka skeleton (D:4)
  13 rats
139 creatures vanquished.

Vanquished Creatures (others)
  An orc wizard (D:4)
  An orc priest (D:4)
  A gnoll (D:4)
3 creatures vanquished.

Grand Total: 142 creatures vanquished

Notes
Turn   | Place    | Note
-------+----------+-------------------------------------------
     0 | D:1      | Oxelix the Hill Orc Monk began the quest for the Orb.
     0 | D:1      | Reached XP level 1. HP: 19/19 MP: 1/1
   191 | D:1      | Reached XP level 2. HP: 26/27 MP: 2/2
   390 | D:1      | Reached skill level 4 in Maces & Flails
   952 | D:1      | Reached XP level 3. HP: 30/33 MP: 3/3
  1538 | D:2      | Reached skill level 5 in Maces & Flails
  1667 | D:2      | Reached XP level 4. HP: 40/40 MP: 4/4
  2082 | D:2      | Gained mutation: You tend to lose your temper in combat. [potion of mutation]
  2082 | D:2      | Gained mutation: Your natural rate of healing is unusually fast. [potion of mutation]
  2082 | D:2      | Gained mutation: Your flesh is cold resistant. (rC+) [potion of mutation]
  2360 | D:3      | Noticed a bullfrog
  2372 | D:3      | Killed a bullfrog
  2372 | D:3      | Reached skill level 6 in Maces & Flails
  2372 | D:3      | Reached XP level 5. HP: 17/46 MP: 5/5
  2806 | D:3      | Reached skill level 7 in Maces & Flails
  2848 | D:3      | Lost mutation: You tend to lose your temper in combat. [potion of cure mutation]
  2848 | D:3      | Lost mutation: Your natural rate of healing is unusually fast. [potion of cure mutation]
  2848 | D:3      | Lost mutation: Your flesh is cold resistant. (rC+) [potion of cure mutation]
  2864 | D:3      | Reached XP level 6. HP: 52/52 MP: 6/6
  3190 | D:3      | Found a snail-covered altar of Cheibriados.
  3201 | D:3      | Found an opulent altar of Gozag.
  3473 | D:4      | Noticed Blork the orc
  3482 | D:4      | Killed Blork the orc
  3663 | D:4      | Noticed an orc warrior
  3665 | D:4      | Reached skill level 8 in Maces & Flails
  3669 | D:4      | Killed an orc warrior
  3669 | D:4      | Reached XP level 7. HP: 39/58 MP: 7/7
  3693 | D:4      | Noticed Eustachio
  3706 | D:4      | Killed Eustachio
  3706 | D:4      | Reached skill level 9 in Maces & Flails
  3711 | D:4      | Gained mutation: You can translocate small distances at will. [potion of mutation]
  3711 | D:4      | Gained mutation: You have very sharp teeth. [potion of mutation]
  3712 | D:4      | Lost mutation: You have very sharp teeth. [potion of cure mutation]
  3712 | D:4      | Lost mutation: You can translocate small distances at will. [potion of cure mutation]
  3910 | D:4      | Noticed Sigmund
  3949 | D:4      | Killed Sigmund
  4140 | D:4      | Reached skill level 10 in Maces & Flails
  4159 | D:4      | Reached XP level 8. HP: 41/66 MP: 8/8
  4498 | D:4      | Became a worshipper of Beogh the Brigand
  4498 | D:4      | Reached * piety under Beogh
  4498 | D:4      | Reached ** piety under Beogh
  5033 | D:4      | Gained mutation: You are partially covered in iridescent scales. (AC +2) [potion of mutation]
  5033 | D:4      | Gained mutation: Armour fits poorly on your strangely shaped body. [potion of mutation]
  5033 | D:4      | Gained mutation: You have a somewhat thin skeletal structure. (Dex +2, Stealth) [potion of mutation]
  5034 | D:4      | Lost mutation: Armour fits poorly on your strangely shaped body. [potion of cure mutation]
  5034 | D:4      | Lost mutation: You are partially covered in iridescent scales. (AC +2) [potion of cure mutation]
  5071 | D:4      | Reached skill level 11 in Maces & Flails
  5129 | D:5      | Entered Level 5 of the Dungeon
  5585 | D:5      | Noticed Spawnferkel's ghost (novice MiGl)
  5681 | D:5      | Killed Spawnferkel's ghost
  5681 | D:5      | Reached skill level 12 in Maces & Flails
  5681 | D:5      | Reached XP level 9. HP: 71/71 MP: 9/9
  5770 | D:5      | Found Vinluin's General Store.
  5817 | D:5      | Found a glowing drain.
  5822 | Sewer    | Entered a sewer
  5897 | Sewer    | HP: 3/71 [poisoned by kobold (curare-tipped needle)]
  5899 | Sewer    | Slain by a big kobold

Skill      XL: |  1  2  3  4  5  6  7  8 |
---------------+-------------------------+-----
Maces & Flails | 4 5 6 7 8 10 12 | 12.7
Fighting       | |  3.7
Dodging        | |  2.4
Stealth        | |  1.5

Action                   |  1- 3 |  4- 6 |  7- 9 || total
-------------------------+-------+-------+-------++-------
Melee: Mace              |   126 |    94 |       ||   220
       Morningstar       |       |    92 |   260 ||   352
Invok: Convert to Beogh  |       |       |     1 ||     1
 Abil: Evoke Berserk Rag |       |       |     3 ||     3
  Use: Scroll            |     6 |     1 |     6 ||    13
       Potion            |     2 |     6 |    10 ||    18
 Stab: Sleeping          |     2 |     1 |       ||     3
       Fleeing           |       |     1 |       ||     1
       Invisible         |       |     2 |       ||     2
  Eat: Chunk             |     3 |     6 |     7 ||    16
       Meat ration       |       |       |     1 ||     1
Armor: Robe              |    11 |       |       ||    11
       Ring mail         |    62 |    63 |       ||   125
       Plate armour      |       |    15 |   175 ||   190
Dodge: Dodged            |   132 |    95 |    62 ||   289
